 Dungeon Crawl Stone Soup version 0.30.1-11-g7821555f0a (webtiles) character file.

Game seed: 13772407636992273265

462 Okkudo the Cleaver (level 7, 0/57 HPs)
             Began as a Hill Orc Monk on Dec 1, 2023.
             Slain by a phantom (3 damage)
             ... on level 4 of the Dungeon.
             The game lasted 00:09:15 (3476 turns).

Okkudo the Cleaver (Hill Orc Monk)                  Turns: 3476, Time: 00:09:16

Health: 0/57       AC:  6    Str: 16    XL:     7   Next: 7%
Magic:  7/7        EV: 11    Int: 10    God:
Gold:   183        SH:  0    Dex: 19    Spells: 6/6 levels left

rFire   . . .        a - +0 hand axe
rCold   . . .        d - orb {light}
rNeg    . . .        v - +0 ring mail
rPois   .            (no helmet)
rElec   .            u - +0 cloak
rCorr   .            (no gloves)
SInv    .            (no boots)
Will    .....        (no amulet)
Stlth   +            s - +6 ring of dexterity
HPRegen 0.29/turn    (no ring)
MPRegen 0.10/turn

%: no passive effects
@: glowing
A: no striking features
a: no special abilities


You were on level 4 of the Dungeon.
You visited 1 branch of the dungeon, and saw 4 of its levels.

You collected 183 gold pieces.

Inventory:

Hand Weapons
 a - a +0 hand axe (weapon)
Armour
 d - an orb of light (worn)
 u - a +0 cloak (worn)
 v - a +0 ring mail (worn)
Jewellery
 s - a +6 ring of dexterity (left hand)
Wands
 x - a wand of flame (11)
Scrolls
 f - a scroll of vulnerability {unknown}
 g - 3 scrolls of identify {unknown}
 h - 2 scrolls of blinking {unknown}
 i - a scroll of acquirement {unknown}
 k - a scroll of amnesia {unknown}
 l - 2 scrolls of enchant weapon {unknown}
 n - 2 scrolls of noise {unknown}
 o - 2 scrolls of torment {unknown}
 p - 2 scrolls of fog {unknown}
 w - 6 scrolls of teleportation {unknown}
 y - a scroll of poison {unknown}
Potions
 b - a potion of invisibility {unknown}
 c - a potion of ambrosia
 e - a potion of mutation {unknown}
 j - a potion of degeneration {unknown}
 m - 2 potions of might {unknown}
 q - a potion of cancellation {unknown}
 r - a potion of attraction {unknown}
 t - 3 potions of curing {unknown}
 z - 2 potions of experience {unknown}


   Skills:
 - Level 3.6 Fighting
 * Level 10.2 Axes
 - Level 2.4 Dodging


You had 6 spell levels left.
You didn't know any spells.
Your spell library contained the following spells:

 Spells                   Type           Power      Damage    Failure   Level
 Beastly Appendage        Tmut           0%         N/A       58%         1
 Slow                     Hex            0%         N/A       58%         1
 Wereblood                Tmut           0%         N/A       73%         2
 Confusing Touch          Hex            0%         N/A       91%         3
 Spider Form              Tmut/Pois      0%         N/A       91%         3
 Vampiric Draining        Necr           0%         2d6       91%         3


Dungeon Overview and Level Annotations

Branches:
Dungeon (4/15)             Temple (0/1) D:4

Altars:
The Shining One


Message History

The ogre hits you with a +0 giant club!!
Ouch! That really hurt!
* * * LOW HITPOINT WARNING * * *
Okay, then.
Okay, then.
Okay, then.
You open the door. The ogre barely misses you.
There is an open door here.
Aiming: Throw Flame
Press: ? - help, Shift-Dir - straight line, f - ogre
Aim: an ogre, wielding a +0 giant club (almost dead, haloed, 90% to hit)
The puff of flame hits the ogre!
You kill the ogre!
Your Axes skill increases to level 10!
You have reached level 7!
Aiming: Throw Flame
Press: ? - help, Shift-Dir - straight line, f - phantom
Aim: a phantom (haloed, 71% to hit)
The puff of flame hits the phantom.
The phantom is lightly damaged.
You hit the phantom.
The phantom is moderately damaged.
The phantom hits you.
* * * LOW HITPOINT WARNING * * *
You hit the phantom but do no damage.
The phantom is lightly damaged.
The phantom misses you.
You hit the phantom but do no damage.
The phantom is lightly damaged.
You hit the phantom.
The phantom is moderately damaged.
The phantom hits you.
* * * LOW HITPOINT WARNING * * *
You hit the phantom but do no damage.
The phantom is moderately damaged.
The phantom hits you but does no damage.
You barely miss the phantom.
The phantom is moderately damaged.
The phantom hits you.
You die...

.######'##
.####....#
.........######
†.......##....#
..............###
..............#.#
..............).#
..............#W##
#'###......WO.#.@#
...##...###'###..#
....#...#......###
....#...#......
....#...#......
....# #......
....# #......
....# #.... ....#


You could see a phantom.

Vanquished Creatures
  An ogre (D:4)
  2 hounds
  Jessica (D:2)
  An iguana (D:4)
  Natasha (thrice) (D:3)
  Terence (D:2)
  5 adders
  A gnoll (D:1)
  An ufetubus (D:4)
  3 worms
  5 orcs (D:3)
  6 bats
  11 endoplasms
  5 giant cockroaches
  5 goblins
  8 hobgoblins
  5 jackals (D:1)
  6 kobolds
  4 quokkas
  7 ball pythons
  4 frilled lizards
  7 rats
92 creatures vanquished.

Notes
Turn   | Place    | Note
-------+----------+-------------------------------------------
     0 | D:1      | Okkudo the Hill Orc Monk began the quest for the Orb.
     0 | D:1      | Reached XP level 1. HP: 19/19 MP: 1/1
   197 | D:1      | Reached skill level 5 in Axes
   197 | D:1      | Reached XP level 2. HP: 6/26 MP: 2/2
   422 | D:1      | Reached XP level 3. HP: 27/31 MP: 3/3
   665 | D:1      | Reached skill level 6 in Axes
  1091 | D:2      | Reached XP level 4. HP: 33/39 MP: 4/4
  1155 | D:2      | Noticed Terence
  1170 | D:2      | Killed Terence
  1443 | D:2      | Noticed Jessica
  1513 | D:2      | Reached skill level 7 in Axes
  1691 | D:2      | Reached XP level 5. HP: 45/45 MP: 5/5
  1758 | D:2      | Identified the +6 short sword "Kenioll" {elec, Int+5}
  1838 | D:2      | Killed Jessica
  1973 | D:3      | Noticed Natasha
  1982 | D:3      | Killed Natasha
  1983 | D:3      | Reached skill level 8 in Axes
  2136 | D:3      | Noticed Natasha
  2157 | D:3      | Killed Natasha
  2376 | D:3      | Noticed Natasha
  2393 | D:3      | Killed Natasha
  2394 | D:3      | Reached XP level 6. HP: 17/51 MP: 6/6
  2653 | D:3      | Found a glowing golden altar of the Shining One.
  2747 | D:3      | Reached skill level 9 in Axes
  3170 | D:4      | Found a staircase to the Ecumenical Temple.
  3470 | D:4      | Reached skill level 10 in Axes
  3470 | D:4      | Reached XP level 7. HP: 8/57 MP: 7/7
  3474 | D:4      | HP: 2/57 [phantom (1)]
  3476 | D:4      | Slain by a phantom

Illustrated notes

Levels and vault maps discovered:
D:1:      dpeg_arrival_more_subterranean_lakeside_camping, layout_loops_cross
D:2:      layout_basic, uniq_jessica, uniq_terence
D:3:      layout_basic, nicolae_tso_swordbearing_angel,
          hangedman_decor_clover_reticule, uniq_natasha
D:4:      minmay_spotlight, layout_gridville, minmay_temple_entry_glass

Skill      XL: |  1  2  3  4  5  6 |
---------------+-------------------+-----
Axes           | 5 6 7 8 10 | 10.2
Fighting       | |  3.6
Dodging        | |  2.4

Action                     |  1- 3 |  4- 6 |  7- 9 || total
---------------------------+-------+-------+-------++-------
  Melee: Hand axe          |   103 |   192 |     6 ||   301
  Evoke: Wand              |       |     1 |     1 ||     2
 Armour: Robe              |    18 |     7 |       ||    25
         Ring mail         |       |    34 |     1 ||    35
  Dodge: Dodged            |    59 |    98 |     1 ||   158
